 Dungeon Crawl Stone Soup version 0.31-a0-981-geadf994542 (webtiles) character file.

Game seed: 13574308746689511605

35 BinkBink the Ducker (level 3, -2/30 HPs)
             Began as a Merfolk Monk on Nov 1, 2023.
             Slain by a cerulean imp
             ... wielding a +0 spear
             ... summoned by Natasha
              (4 damage)
             ... on level 2 of the Dungeon.
             The game lasted 00:00:55 (961 turns).

BinkBink the Ducker (Merfolk Monk)                   Turns: 961, Time: 00:00:57

Health: -2/30      AC:  2    Str: 11    XL:     3   Next: 33%
Magic:  3/3        EV: 14    Int:  9    God:
Gold:   78         SH:  0    Dex: 18    Spells: 2/2 levels left

rFire   . . .        a - +0 falchion
rCold   . . .        d - orb {light}
rNeg    . . .        b - +0 robe
rPois   .            (no helmet)
rElec   .            (no cloak)
rCorr   .            (no gloves)
SInv    .            (no boots)
Will    .....        (no amulet)
Stlth   +            (no ring)
HPRegen 0.25/turn    (no ring)
MPRegen 0.08/turn

%: no passive effects
@: slowed, glowing, very slow
A: (nimble swimmer 2), mertail
a: no special abilities


You were on level 2 of the Dungeon.
You visited 1 branch of the dungeon, and saw 2 of its levels.

You collected 78 gold pieces.

Inventory:

Hand Weapons
 a - a +0 falchion (weapon)
Armour
 b - a +0 robe (worn)
 d - an orb of light (worn)
Scrolls
 e - a scroll of amnesia {unknown}
 f - 2 scrolls of identify {unknown}
 g - 2 scrolls of poison {unknown}
 h - a scroll of revelation {unknown}
 i - a scroll of blinking {unknown}
 k - a scroll of enchant weapon {unknown}
Potions
 j - a potion of curing {unknown}


   Skills:
 + Level 3.9 Fighting
 + Level 4.1 Long Blades
 + Level 4.6 Dodging


You had 2 spell levels left.
You didn't know any spells.
Your spell library contained the following spells:

 Spells                   Type           Power      Damage    Failure   Level
 Iskenderun's Battlesphe  Conj           0%         2d6       100%        5
 Bombard                  Conj/Erth      0%         9d1       100%        6
 Spellforged Servitor     Conj/Summ      0%         N/A       100%        7


Dungeon Overview and Level Annotations

Branches:
Dungeon (2/15)

Altars:

Annotations:
D:2 Natasha


Innate Abilities, Weirdness & Mutations

((You are very nimble when in or above water. (Stealth+, EV+, Speed+++)))
Your lower body shifts to a powerful aquatic tail in water.


Message History

You are too injured to fight recklessly!
You are confused.
You feel invigorated.
The cerulean imp hits you from afar with a +0 spear.
* * * LOW HITPOINT WARNING * * *
Natasha stares at you and mumbles some strange words.
You resist with significant effort. The cerulean imp misses you.
Natasha growls.
Natasha misses you.
You're too confused to move!
The cerulean imp hits you from afar with a +0 spear.
Natasha casts a spell at you.
You feel yourself slow down.
You're too confused to move!
The cerulean imp hits you from afar with a +0 spear.
Natasha closely misses you.
You barely miss Natasha. The cerulean imp barely misses you. Natasha claws you.
The cerulean imp barely misses you. Natasha completely misses you.
You slash Natasha!
Natasha is heavily wounded.
The cerulean imp barely misses you.
Natasha mumbles some strange words.
You feel troubled. Natasha closely misses you.
The cerulean imp hits you but does no damage.
You slash Natasha!
Natasha is almost dead.
Natasha casts a spell at you. The magic dart hits you.
The cerulean imp hits you from afar with a +0 spear.
Natasha stares at you and mumbles some strange words.
The magic dart hits you!
You bump into the rock wall.
You feel less invigorated.
You feel less confused.
The cerulean imp hits you from afar with a +0 spear.
Natasha claws you!
* * * LOW HITPOINT WARNING * * *
The cerulean imp hits you from afar with a +0 spear.
You die...

.... .... ..... ....>
... ...... ..#
.....5### #..#
......h@## #..#
#######..###..
##...#.# ###.#.# )##
#...# ...# ##..# #.##
... #..##
#..####..##...
###...##.............
...........####..#...


You could see Natasha and a cerulean imp (summoned).

Vanquished Creatures
  An adder (D:2)
  3 bats
  4 endoplasms (D:1)
  2 giant cockroaches (D:1)
  A goblin (D:1)
  3 jackals (D:1)
  2 quokkas
  A ball python (D:1)
  4 kobolds (D:1)
  3 rats (D:1)
24 creatures vanquished.

Notes
Turn   | Place    | Note
-------+----------+-------------------------------------------
     0 | D:1      | BinkBink the Merfolk Monk began the quest for the Orb.
     0 | D:1      | Reached XP level 1. HP: 18/18 MP: 1/1
   157 | D:1      | Reached XP level 2. HP: 24/24 MP: 2/2
   861 | D:1      | Reached XP level 3. HP: 30/30 MP: 3/3
   944 | D:2      | Noticed Natasha
   961 | D:2      | Slain by a cerulean imp

Illustrated notes

Levels and vault maps discovered:
D:1:      minmay_arrival_wavy_path, layout_basic, nrook_uturn,
          kennysheep_decorative_pillar
D:2:      layout_rooms, uniq_natasha, uniq_jessica, uniq_sigmund

Skill      XL: |  1  2 |
---------------+-------+-----
Long Blades    | 4 |  4.1
Fighting       | |  3.9
Dodging        | |  4.6

Action                     || total
---------------------------++-------
  Melee: Falchion          ||    63
    Use: Potion            ||     1
 Armour: Robe              ||    50
  Dodge: Dodged            ||    71

Table legend: (Time is in decaauts)
 A = Elapsed time spent in this place.
 B = Non-inter-level travel time spent in this place.
 C = Inter-level travel time spent in this place.
 D = Time resting spent in this place.
 E = Time spent auto-exploring this place.
 F = Levels seen in this place.
 G = Mean time per level.
                   A        B        C        D        E       F      G
               +--------+--------+--------+--------+--------+-----+--------+
         Total |    966 |    952 |     14 |     49 |    739 |   2 |  483.0 |
       Dungeon |    966 |    952 |     14 |     49 |    739 |   2 |  483.0 |
               +--------+--------+--------+--------+--------+-----+--------+

Top non-repeatable levels by time:
     D:1: 902 daAuts
     D:2: 63 daAuts
